 Dungeon Crawl Stone Soup version 0.30.0-5-g1a98f26d00 (webtiles) character file.

Game seed: 12296269413075128415

1068 jasper the Fighter (level 8, -1/72 HPs)
             Began as a Demonspawn Reaver on May 8, 2023.
             Succumbed to a killer bee's poison
             ... on level 6 of the Dungeon.
             The game lasted 00:07:50 (4587 turns).

jasper the Fighter (Demonspawn Reaver)              Turns: 4587, Time: 00:07:51

Health: -1/72      AC: 12    Str: 12    XL:     8   Next: 7%
Magic:  11/11      EV: 10    Int: 17    God:
Gold:   283        SH:  0    Dex: 12    Spells: 10/11 levels left

rFire   . . .        o - +2 dagger (venom)
rCold   + . .        (no shield)
rNeg    . . .        h - +0 ring mail
rPois   .            n - +1 hat
rElec   .            r - +1 cloak
rCorr   .            t - +0 pair of gloves
SInv    .            s - +0 pair of boots
Will    .....        (no amulet)
Stlth   +            j - ring of protection from cold
HPRegen 0.32/turn    (no ring)
MPRegen 0.12/turn

%: no passive effects
@: mighty, lethally poisoned (-1 -> -6)
A: horns 1, molten scales 1, powered by pain 2
a: no special abilities


You were on level 6 of the Dungeon.
You visited 1 branch of the dungeon, and saw 6 of its levels.

You collected 283 gold pieces.

Inventory:

Hand Weapons
 a - a +0 mace
 d - a +5 scythe of protection
 f - a +0 long sword of venom
 o - a +2 dagger of venom (weapon)
 E - a +0 short sword of electrocution
Missiles
 k - 79 stones
 y - 5 curare-tipped darts
 C - a throwing net
 F - 2 poisoned darts
Armour
 b - a +0 leather armour
 c - a +0 cloak
 e - a +2 robe of cold resistance
 h - a +0 ring mail (worn)
 n - a +1 hat (worn)
 r - a +1 cloak (worn)
 s - a +0 pair of boots (worn)
 t - a +0 pair of gloves (worn)
Jewellery
 j - a ring of protection from cold (left hand)
Scrolls
 p - a scroll of fear {unknown}
 q - 3 scrolls of teleportation
 u - 3 scrolls of poison {unknown}
 v - 8 scrolls of identify
 x - a scroll of blinking {unknown}
 D - a scroll of fog {unknown}
Potions
 g - a potion of might
 i - 2 potions of degeneration
 m - 2 potions of mutation {unknown}
 w - a potion of lignification {unknown}
 z - a potion of berserk rage {unknown}
 A - a potion of haste {unknown}
 B - 2 potions of ambrosia {unknown}


   Skills:
 + Level 9.7 Fighting
 - Level 2.6 Maces & Flails
 - Level 1.7 Dodging
 - Level 2.0 Spellcasting
 - Level 3.0 Conjurations


You had 10 spell levels left.
You knew the following spells:

 Your Spells              Type           Power      Damage    Failure   Level
a - Kiss of Death         Conj/Necr      24%        2d7       24%         1

Your spell library contained the following spells:

 Spells                   Type           Power      Damage    Failure   Level
 Momentum Strike          Conj/Tloc      12%        3d8       34%         2
 Ensorcelled Hibernation  Hex/Ice        2%         N/A       54%         2
 Passwall                 Tmut/Erth      0%         N/A       54%         2
 Sublimation of Blood     Necr           1%         N/A       54%         2
 Wereblood                Tmut           1%         N/A       54%         2
 Hailstorm                Conj/Ice       6%         3d4       56%         3
 Gell's Gravitas          Tloc           1%         N/A       78%         3
 Summon Guardian Golem    Hex/Summ       1%         N/A       78%         3
 Swiftness                Air            1%         N/A       78%         3
 Teleport Other           Tloc           1%         N/A       78%         3
 Iskenderun's Battlesphe  Conj           11%        2d7       98%         5
 Fireball                 Conj/Fire      3%         3d4       100%        5
 Conjure Ball Lightning   Conj/Air       3%         3x3d6     100%        6
 Dispersal                Tloc           0%         N/A       100%        6
 Iron Shot                Conj/Erth      3%         9d2       100%        6
 Plasma Beam              Fire/Air       0%         2x1d11    100%        6
 Orb of Destruction       Conj           5%         9d5       100%        7
 Spellforged Servitor     Conj/Summ      3%         N/A       100%        7
 Storm Form               Tmut/Air       0%         N/A       100%        7
 Summon Hydra             Summ           0%         N/A       100%        7


Dungeon Overview and Level Annotations

Branches:
Dungeon (6/15)
 Temple: D:4-7

Altars:
Trog

Shops:
D:1 =   D:4 (==

Annotations:
D:4 2 transporters, Lightli's ghost, amateur DEMo


Innate Abilities, Weirdness & Mutations

You have a pair of small horns on your head.
You are partially covered in molten scales. (AC +2)
You sometimes gain power by taking damage.


Message History

You take 5 damage, and have 21/72 hp.
The killer bee attacks as you move away!
The killer bee stings you!
* * * LOW HITPOINT WARNING * * *
You are more poisoned.
The killer bee poisons you!
* * * LOW HITPOINT WARNING * * *
You feel very sick. The killer bee stings you.
* * * LOW HITPOINT WARNING * * *
You take 13 damage, and have 8/72 hp.
You feel better. The killer bee stings you.
* * * LOW HITPOINT WARNING * * *
The killer bee stings you but does no damage.
You regained 5 hp, and now have 13/72 hp.
You aren't carrying any items that you can evoke.
Unknown command.
As you read the scroll of teleportation, it crumbles to dust.
You feel strangely unstable.
The killer bee stings you but does no damage.
The killer bee stings you!
* * * LOW HITPOINT WARNING * * *
You take 7 damage, and have 6/72 hp.
It was a potion of might.
You feel very mighty all of a sudden.
The killer bee stings you but does no damage.
The killer bee barely misses you.
You hit the killer bee. You headbutt the killer bee.
The killer bee is heavily wounded.
The killer bee stings you.
* * * LOW HITPOINT WARNING * * *
You are lethally poisoned!
The killer bee poisons you! The killer bee closely misses you.
You take 5 damage, and have 1/72 hp.
The killer bee attacks as you move away!
The killer bee closely misses you.
Your surroundings suddenly seem different.
A scorpion comes into view.
Found a stone staircase leading up.
You die...

#####+####
......s..#
.........##+###
...............
....#
...............
...#
...............
...#
.......@...<...
..+
.....###.###...
..# ... .#
###########.. .
##
#.........#†.
#.........#..
#...y.....'..
#..yyy....#..
#.##y######..
#.##.###.....


You could see a scorpion (asleep).

Vanquished Creatures
  Grinder (D:3)
  Sigmund (D:2)
  2 water moccasins
  2 scorpions
  A killer bee (D:6)
  2 hounds
  Crazy Yiuf (D:2)
  A sleepcap (D:5)
  An iguana (D:5)
  An orc wizard (D:4)
  4 gnolls (D:5)
  4 adders
  A white imp (D:5)
  2 ufetubi
  A worm (D:4)
  14 orcs
  4 endoplasms
  4 hobgoblins
  7 quokkas
  5 ball pythons
  8 bats
  2 frilled lizards
  9 goblins
  11 kobolds
  8 rats
97 creatures vanquished.

Notes
Turn   | Place    | Note
-------+----------+-------------------------------------------
     0 | D:1      | jasper the Demonspawn Reaver began the quest for the Orb.
     0 | D:1      | Reached XP level 1. HP: 16/16 MP: 3/3
   155 | D:1      | Found Vudd's Jewellery Shoppe.
   314 | D:1      | Gained mutation: You are partially covered in molten
                  | scales. (AC +2) [demonic ancestry]
   314 | D:1      | Reached XP level 2. HP: 23/23 MP: 5/5
   642 | D:1      | Reached skill level 3 in Fighting
   798 | D:2      | Noticed Sigmund
   877 | D:3      | Reached XP level 3. HP: 18/29 MP: 6/6
  1164 | D:3      | Noticed Grinder
  1166 | D:3      | Paralysed by Grinder for 3 turns
  1250 | D:3      | Reached skill level 4 in Fighting
  1451 | D:2      | Killed Sigmund
  1452 | D:2      | Reached skill level 5 in Fighting
  1452 | D:2      | Reached XP level 4. HP: 39/40 MP: 7/7
  1452 | D:2      | Reached XP level 5. HP: 45/46 MP: 8/8
  1702 | D:2      | Reached skill level 6 in Fighting
  1893 | D:2      | Found a runed translucent door.
  1894 | D:2      | Noticed Crazy Yiuf
  2030 | D:2      | Killed Crazy Yiuf
  2197 | D:3      | Paralysed by Grinder for 5 turns
  2209 | D:3      | Paralysed by Grinder for 4 turns
  2215 | D:3      | Killed Grinder
  2216 | D:3      | Reached skill level 7 in Fighting
  2216 | D:3      | Gained mutation: You sometimes gain a little power by
                  | taking damage. [demonic ancestry]
  2216 | D:3      | Reached XP level 6. HP: 21/55 MP: 9/9
  2802 | D:4      | Noticed a water moccasin
  2815 | D:4      | Killed a water moccasin
  2816 | D:4      | Reached skill level 8 in Fighting
  2816 | D:4      | Gained mutation: You have a pair of small horns on your
                  | head. [demonic ancestry]
  2816 | D:4      | Reached XP level 7. HP: 55/62 MP: 10/10
  2939 | D:4      | Found a bloodstained altar of Trog.
  3147 | D:4      | Found Opitos's Jewellery Emporium.
  3147 | D:4      | Found Faroiho's Weapon Shoppe.
  3147 | D:4      | Found Karuvoim's Jewellery Boutique.
  3152 | D:4      | Found Ahac's Assorted Antiques.
  3310 | D:4      | Found a transporter.
  3335 | D:4      | Noticed Lightli's ghost (amateur DEMo)
  3353 | D:4      | Found a transporter.
  3575 | D:5      | Entered Level 5 of the Dungeon
  3892 | D:5      | Reached skill level 9 in Fighting
  4353 | D:6      | Got Unymopp's Catalogue of Cloudy Injury
  4385 | D:6      | Gained mutation: You sometimes gain power by taking damage.
                  | [demonic ancestry]
  4385 | D:6      | Reached XP level 8. HP: 41/71 MP: 11/11
  4586 | D:6      | HP: 1/72 [killer bee (6)]
  4587 | D:6      | Succumbed to a killer bee's poison

Illustrated notes

Levels and vault maps discovered:
D:1:      tarquinn_simple_flora_water_a, layout_basic, serial_shops, shop
D:2:      layout_basic, uniq_sigmund, uniq_crazy_yiuf_cottage
D:3:      layout_basic, grunt_ministairs_9, uniq_ijyb, uniq_grinder
D:4:      layout_basic, trog_butcher_becter, zin_statuary,
          gammafunk_ghost_gnarly_gnolls, mrwooster_statue_mirror,
          nicolae_wooded_promenade, nrook_mini_backslash,
          kennysheep_generic_room_13
D:5:      layout_rooms, kennysheep_generic_room_12
D:6:      layout_gridville, temple_doors_ab, portal_sewer_entry_d

Skill      XL: |  1  2  3  4  5  6  7 |
---------------+----------------------+-----
Fighting       | 3 5 7 8 9 |  9.7
Maces & Flails | |  2.6
Dodging        | |  1.7
Spellcasting   | |  2.0
Conjurations   | |  3.0

Action                     |  1- 3 |  4- 6 |  7- 9 || total
---------------------------+-------+-------+-------++-------
  Melee: Mace              |    73 |       |       ||    73
         Dagger            |    49 |    73 |   150 ||   272
         Punch             |     1 |       |       ||     1
         Headbutt          |       |       |    35 ||    35
    Use: Scroll            |     6 |       |     1 ||     7
         Potion            |     2 |     1 |     2 ||     5
 Armour: Ring mail         |    55 |    40 |    90 ||   185
         Leather armour    |     6 |       |       ||     6
  Dodge: Dodged            |    66 |    52 |   104 ||   222
